 Dungeon Crawl Stone Soup version 0.25.1-2-g60ff931df9 (webtiles) character file.

Game seed: 2775343901059552678

175 DoubleLucky the Magician (level 5, -5/28 HPs)
             Began as a Deep Elf Fire Elementalist on Oct 1, 2020.
             Killed by divine providence
             ... invoked by an orc priest
              (11 damage)
             ... on level 3 of the Dungeon.
             The game lasted 00:07:40 (3784 turns).

DoubleLucky the Magician (DEFE)                     Turns: 3784, Time: 00:07:43

Health: -5/28      AC:  2    Str:  5    XL:     5   Next: 29%
Magic:  8/13       EV: 13    Int: 21    God:
Gold:   160        SH:  0    Dex: 15    Spells: 9/13 levels left

rFire    . . .     SeeInvis .   d - +0 dagger
rCold    . . .     Gourm    .   (no shield)
rNeg     . . .     Faith    .   a - +0 robe
rPois    .         Spirit   .   j - +0 hat
rElec    .         Reflect  .   (no cloak)
rCorr    .         Harm     .   (no gloves)
MR       .....                  (no boots)
Stlth    ++........             (no amulet)
HPRegen  0.09/turn              (no ring)
MPRegen  0.13/turn              (no ring)

@: no status effects
A: no striking features
a: no special abilities


You were on level 3 of the Dungeon.
You were not hungry.

You visited 1 branch of the dungeon, and saw 3 of its levels.

You collected 160 gold pieces.

Inventory:

Hand Weapons
 d - a +0 dagger (weapon)
Missiles
 i - 75 stones (quivered)
Armour
 a - a +0 robe (worn)
 j - a +0 hat (worn)
Scrolls
 g - a scroll of fear {unknown}
 h - a scroll of enchant weapon {unknown}
 k - a scroll of remove curse {unknown}
Potions
 b - a potion of haste {unknown}
 e - 2 potions of lignification {unknown}
 f - 2 potions of flight {unknown}
 l - 2 potions of resistance {unknown}
 n - a potion of stabbing {unknown}
Comestibles
 c - 5 rations


   Skills:
 - Level 2.4 Dodging
 - Level 2.4 Stealth
 + Level 4.5 Spellcasting
 * Level 4.1 Conjurations
 + Level 4.3 Fire Magic


You had 9 spell levels left.
You knew the following spells:

 Your Spells              Type           Power        Failure   Level  Hunger
a - Foxfire               Conj/Fire      ###.         1%          1    None
b - Conjure Flame         Conj/Fire      ###.....     6%          3    ##.....

Your spell library contained the following spells:

 Spells                   Type           Power        Failure   Level  Hunger
 Animate Skeleton         Necr           N/A          12%         1    None
 Apportation              Tloc           #.....       12%         1    None
 Corona                   Hex            #......      12%         1    None
 Summon Small Mammal      Summ           #...         12%         1    None
 Inner Flame              Hex/Fire       ##......     14%         3    ##.....
 Sticky Flame             Conj/Fire      ###.....     21%         4    ####...
 Fireball                 Conj/Fire      ###.......   50%         5    ######.


Dungeon Overview and Level Annotations

Branches:
Dungeon (3/15)

Altars:
Wu Jian


Message History

The orc priest is lightly wounded.
The orc barely misses you. The orc hits you with a +0 short sword.
The orc priest barely misses you. The orc misses you. x2
You hit the orc.
The orc is heavily wounded.
The orc hits you with a +0 short sword!
The orc priest hits you but does no damage.
You hit the orc but do no damage.
The orc is heavily wounded.
The orc hits you from afar with a +0 trident.
The orc priest hits you with a +0 dagger.
The orc closely misses you.
Casting: Foxfire (safe; 1% risk of failure)
Confirm with . or Enter, or press ? or * to list all spells.
Nothing appears to happen.
The orc hits you from afar with a +0 trident.
* * * LOW HITPOINT WARNING * * *
The orc priest mumbles some strange prayers to Beogh against you.
Beogh smites you!
You die...

..>.######...#
#.#.# ###..#
#...########.#.#
##.#
#............#.#
#.##
#..###########.#
#.(# #..# #.#
##.# #..#### #.#
#.## #.....# #.#
#..#
##.##.########.#
##§##
#.##.#@o......#
#..#
#.##.#o########
##.###.##.#.o.#
#†.##.##.###)#
##.##.##.# .#
#.##.##.# .
#..#.##.# ##
##.#.##.#
#.#....#


You could see an orc priest and 2 orcs.

Vanquished Creatures
  An orc priest (D:3)
  Natasha (D:2)
  3 adders
  3 worms (D:2)
  2 dart slugs
  3 leopard geckos
  7 orcs
  4 bats
  4 giant cockroaches
  9 goblins
  7 hobgoblins
  3 jackals (D:2)
  A quokka (D:2)
  2 ball pythons
  6 frilled lizards
  5 kobolds
  9 rats
70 creatures vanquished.

Vanquished Creatures (others)
  299 foxfires
299 creatures vanquished.

Grand Total: 369 creatures vanquished

Notes
Turn   | Place    | Note
-------+----------+-------------------------------------------
     0 | D:1      | DoubleLucky the Deep Elf Fire Elementalist began the quest
                  | for the Orb.
     0 | D:1      | Reached XP level 1. HP: 10/10 MP: 6/6
   338 | D:1      | Reached XP level 2. HP: 15/15 MP: 5/8
  1211 | D:2      | Reached XP level 3. HP: 19/19 MP: 6/10
  1680 | D:2      | Found an ornate altar of the Wu Jian Council.
  1854 | D:2      | Noticed Natasha
  1866 | D:2      | Killed Natasha
  1866 | D:2      | Reached XP level 4. HP: 7/24 MP: 5/11
  3309 | D:3      | Reached XP level 5. HP: 28/28 MP: 6/13
  3639 | D:3      | Learned a level 3 spell: Conjure Flame
  3784 | D:3      | Killed from afar by an orc priest

Illustrated notes

Levels and vault maps discovered:
D:1:      saegor_arrival_simple_b, layout_basic
D:2:      layout_basic, lemuel_doored_altar, first_ration, chequers_mini_garden,
          minmay_split_cup_small, uniq_natasha
D:3:      layout_basic

Skill      XL: |  1  2  3  4  5 |
---------------+----------------+-----
Conjurations   | 2 3 4 |  4.1
Spellcasting   | 4 |  4.5
Fire Magic     | 4 |  4.3
Dodging        | |  2.4
Stealth        | |  2.4

Action                   |  1- 3 |  4- 6 || total
-------------------------+-------+-------++-------
Melee: Dagger            |       |     2 ||     2
Throw: Stone             |       |     1 ||     1
 Cast: Foxfire           |   107 |    83 ||   190
  Eat: Chunk             |     3 |     5 ||     8
Armor: Robe              |     3 |     4 ||     7
Dodge: Dodged            |     5 |    30 ||    35
